Map: Dusk Towers

Players

llllllllllll

  • Race: Protoss Protoss
  • League: Grandmaster

llllllllllll - Winner!

  • Race: Terran Terran
  • League: Master

VOD

Have the link to the VOD?

Description

Time

  • Played on: July 11, 2016, 1:30 a.m.
  • Length: 13:28
Show
View Real Time Build Order
Export as new Build Order

llllllllllll Protoss 

Build Orders: 1 Gate Expand, Oracle Opening 

Get SALT Encoding   

  12  0:03  Probe (Chrono Boost)  
  13  0:14  Probe (Chrono Boost)  
  14  0:18  Pylon  
  14  0:24  Probe (Chrono Boost)  
  15  0:36  Probe (Chrono Boost)  
  15  0:37  Gateway  
  15  0:42  Assimilator  
  16  0:47  Probe (Chrono Boost)  
  17  0:57  Probe (Chrono Boost)  
  18  1:08  Probe (Chrono Boost)  
  19  1:19  Nexus  
  19  1:22  Probe (Chrono Boost)  
  20  1:31  Cybernetics Core  
  20  1:34  Probe (Chrono Boost)  
  20  1:39  Assimilator  
  21  1:45  Probe (Chrono Boost)  
  22  1:49  Pylon  
  22  1:55  Probe (Chrono Boost)  
  23  2:08  Mothership Core (Chrono Boost)  
  25  2:12  Adept  
  27  2:22  Warp Gate  
  27  2:26  Probe (Chrono Boost)  
  28  2:32  Probe (Chrono Boost)  
  28  2:37  Probe (Chrono Boost)  
  30  2:43  Probe (Chrono Boost)  
  31  2:47  Probe (Chrono Boost)  
  32  2:52  Stargate  
  32  2:53  Probe (Chrono Boost)  
  32  2:58  Probe (Chrono Boost)  
  34  3:04  Probe (Chrono Boost)  
  35  3:08  Probe (Chrono Boost)  
  35  3:12  Gateway  
  36  3:14  Gateway, Probe (Chrono Boost)  
  36  3:19  Probe (Chrono Boost)  
  38  3:25  Pylon, Probe (Chrono Boost)  
  38  3:29  Probe (Chrono Boost)  
  39  3:34  Probe (Chrono Boost)  
  39  3:36  Oracle (Chrono Boost)  
  39  3:40  Probe  
  44  3:44  Probe  
  45  3:49  Nexus  
  45  3:51  Pylon  
  45  3:53  Probe  
  45  3:55  Probe  
  47  4:05  Probe x2  
  47  4:06  Assimilator  
  47  4:07  Pylon  
  49  4:11  Assimilator  
  49  4:17  Probe  
  49  4:20  Probe  
  51  4:29  Probe  
  51  4:30  Probe  
  51  4:37  Phoenix (Chrono Boost)  
  53  4:41  Probe  
  53  4:42  Probe  
  52  4:48  Stalker x3  
  52  4:52  Twilight Council  
  58  4:54  Probe  
  58  4:55  Robotics Facility, Probe  
  58  4:57  Gateway  
  58  4:59  Phoenix (Chrono Boost)  
  62  5:02  Probe  
  63  5:11  Probe  
  63  5:13  Probe  
  65  5:14  Stalker x2  
  65  5:16  Stalker, Probe  
  65  5:21  Phoenix (Chrono Boost)  
  72  5:26  Probe  
  72  5:27  Probe  
  76  5:30  Blink (Chrono Boost)  
  76  5:31  Probe  
  77  5:38  Probe  
  77  5:39  Adept x2  
  77  5:41  Probe  
  83  5:46  Pylon  
  79  5:51  Phoenix  
  79  5:52  Probe  
  76  5:59  Probe  
  76  6:00  Adept x3  
  77  6:15  Stalker  
  69  6:21  Probe x2  
  74  6:27  Stalker x2  
  74  6:29  Probe, Observer  
  80  6:33  Phoenix, Assimilator  
  80  6:37  Assimilator  
  80  6:38  Probe  
  80  6:39  Probe  
  81  6:40  Probe  
  81  6:45  Gateway  
  82  6:47  Gateway  
  82  6:50  Pylon  
  82  6:51  Probe  
  83  6:55  Phoenix, Probe  
  83  6:58  Warp Prism  
  88  7:07  Probe  
  89  7:10  Forge  
  89  7:11  Forge  
  89  7:14  Probe  
  89  7:15  Probe  
  90  7:17  Stalker x2  
  90  7:18  Stalker  
  90  7:21  Stalker  
  99  7:36  Immortal  
  99  7:37  Resonating Glaives (Chrono Boost)  
  99  7:43  Stalker x2  
  101  7:47  Protoss Ground Weapons Level 1 (Chrono Boost), Pylon  
  101  7:48  Protoss Ground Armor Level 1 (Chrono Boost)  
  101  7:50  Pylon  
  101  7:56  Pylon  
  101  8:00  Gateway  
  101  8:01  Gateway  
  101  8:05  Probe  
  102  8:12  Adept x3  
  106  8:13  Stalker x3  
  112  8:33  Immortal  
  116  8:37  Pylon  
  116  8:38  Pylon  
  116  8:45  Adept x4  
  116  8:46  Adept x2  
  100  9:06  Adept x3  
  100  9:07  Stalker x3  
  108  9:11  Stalker x2, Adept x2  
  100  9:20  Immortal  
  90  9:28  Mothership Core, Stalker  
  90  9:29  Stalker  
  77  9:36  Stalker x6  
  74  9:49  Protoss Ground Weapons Level 2 (Chrono Boost)  
  74  9:50  Protoss Ground Armor Level 2 (Chrono Boost)  
  74  9:52  Stalker x2  
  76  9:59  Immortal (Chrono Boost)  
  80  10:05  Sentry x3  
  80  10:06  Sentry  
  88  10:12  Stalker x2  
  92  10:21  Stalker x2  
  96  10:29  Adept x2  
  96  10:30  Adept  
  96  10:32  Adept  
  104  10:35  Sentry  
  104  10:36  Sentry  
  108  10:49  Stalker, Adept  
  112  10:51  Stalker  
  112  10:52  Stalker x2  
  110  11:07  Adept  
  110  11:08  Adept x2  
  114  11:11  Adept  
  114  11:17  Stalker x2  
  114  11:18  Stalker  
  98  11:29  Stalker  
  98  11:30  Stalker x3  
  82  11:44  Probe  
  82  11:45  Probe  
  80  11:50  Stalker  
  82  11:57  Sentry x2  
  82  11:58  Sentry x3  
  82  12:00  Nexus  
  92  12:03  Stalker  
  94  12:12  Stalker  
  94  12:13  Adept  
  98  12:26  Warp Prism (Chrono Boost)  
  100  12:31  Pylon  
  100  12:35  Adept  
  100  12:36  Adept  
  104  12:37  Sentry x2  
  104  12:39  Sentry  
  110  12:46  Adept x2  
  114  12:51  Adept  
  114  12:55  Gateway  
  116  12:59  Adept x2  
  116  13:01  Adept  
  98  13:20  Stalker x3  
  98  13:21  Stalker x2  
Show
View Real Time Build Order
Export as new Build Order

llllllllllll Terran - Winner!

Build Orders: Liberator Opening, Reaper Expand, MMM Bio 

Get SALT Encoding   

  12  0:00  SCV  
  13  0:13  SCV  
  14  0:17  Supply Depot  
  14  0:25  SCV  
  15  0:39  SCV  
  15  0:40  Barracks  
  16  0:45  Refinery  
  16  0:51  SCV  
  17  1:03  SCV  
  18  1:15  SCV  
  19  1:27  Orbital Command  
  19  1:29  Reaper  
  20  1:40  Command Center  
  20  1:49  Supply Depot  
  20  1:53  SCV  
  21  1:58  Refinery  
  21  2:01  Barracks Reactor  
  21  2:05  SCV  
  22  2:11  Barracks  
  22  2:17  SCV  
  23  2:25  Factory  
  23  2:30  SCV  
  24  2:39  Marine x2  
  24  2:42  SCV  
  27  2:54  SCV  
  27  2:55  Orbital Command  
  27  2:57  Marine x2  
  30  2:58  Barracks Tech Lab  
  30  3:06  SCV  
  31  3:13  Starport  
  31  3:20  Widow Mine  
  31  3:22  Marine, Stimpack  
  31  3:23  Marine  
  35  3:28  Marine  
  35  3:31  SCV x2  
  38  3:34  Liberator  
  38  3:35  Supply Depot  
  38  3:41  Marine x2  
  38  3:46  SCV x2  
  38  3:47  Marine  
  43  3:54  Factory Reactor  
  46  3:58  SCV  
  46  3:59  SCV  
  48  4:03  Supply Depot  
  48  4:04  Marine x2  
  48  4:06  Marine  
  51  4:24  SCV x2  
  51  4:30  Marine x3  
  56  4:37  SCV  
  52  4:47  Marine  
  52  4:48  Marine x2  
  52  4:49  Medivac x2  
  52  4:51  Widow Mine, Supply Depot  
  52  4:52  SCV  
  62  4:58  Engineering Bay, Command Center  
  62  5:12  Refinery, Marine x2  
  62  5:13  SCV x2, Refinery, Marauder  
  68  5:18  Supply Depot  
  68  5:20  Supply Depot  
  68  5:29  Missile Turret  
  68  5:35  SCV x2, Missile Turret  
  70  5:45  Terran Infantry Weapons Level 1  
  70  5:46  Medivac x2  
  70  5:47  SCV  
  70  5:48  SCV  
  76  5:59  Combat Shields, Marine x2  
  76  6:00  Factory Reactor, Marauder  
  76  6:04  SCV x2  
  63  6:20  Marine x2  
  63  6:21  Marauder  
  63  6:23  Orbital Command  
  63  6:25  SCV x2  
  69  6:26  Barracks  
  69  6:37  SCV x2  
  69  6:39  Marine x2  
  73  6:42  Marauder  
  73  6:46  Orbital Command  
  75  6:48  Factory Reactor, Liberator x2, Barracks  
  75  6:50  SCV x2  
  75  6:52  Barracks  
  77  7:00  Marine x2  
  77  7:04  Marauder  
  85  7:09  SCV x2  
  85  7:11  SCV  
  88  7:18  Supply Depot  
  88  7:21  SCV x2  
  88  7:22  Marine  
  90  7:23  SCV, Marine x3  
  90  7:25  Marauder  
  97  7:34  Liberator x2  
  93  7:40  Barracks Tech Lab x2  
  93  7:42  Marine x2  
  93  7:43  SCV x2, Marine x2  
  93  7:44  SCV  
  100  7:47  Supply Depot, Marauder  
  100  7:48  Supply Depot  
  100  7:49  Supply Depot  
  102  7:56  SCV  
  109  8:09  SCV x2, Marauder x2  
  115  8:13  Supply Depot  
  115  8:20  Liberator  
  115  8:21  Liberator  
  115  8:22  Marine  
  115  8:23  Marauder, Marine x3  
  121  8:31  Marauder x2  
  125  8:35  Terran Infantry Armor Level 1, Armory  
  125  8:37  Engineering Bay  
  130  8:46  Marauder, Marine x3  
  130  8:47  Marine  
  133  8:52  Marauder  
  121  9:02  Marauder  
  110  9:04  SCV x3, Marine x2  
  110  9:08  Marauder  
  112  9:13  Marauder  
  89  9:24  SCV  
  89  9:25  SCV x2  
  85  9:34  Marine  
  85  9:35  Marauder x2, Marine x3  
  85  9:36  Marauder  
  95  9:41  Medivac x2  
  95  9:42  SCV x2  
  100  9:52  Marine  
  93  9:53  Marine  
  93  9:54  SCV x2, Marine  
  93  9:55  SCV  
  93  9:56  Refinery, Marauder  
  93  9:57  Liberator x2  
  98  10:08  Marauder x2, Marine  
  98  10:10  Marine  
  98  10:11  Marine  
  108  10:15  SCV  
  108  10:16  SCV x2  
  108  10:18  Marauder  
  116  10:29  Terran Infantry Weapons Level 2, Terran Infantry Armor Level 2  
  116  10:33  Marine x3  
  119  10:36  Marauder x2  
  119  10:39  Marauder  
  125  10:43  Marine  
  126  10:52  SCV x2  
  126  10:53  SCV  
  114  11:06  Concussive Shells, Marauder x3, Marine x4  
  114  11:08  SCV x2  
  114  11:09  SCV  
  114  11:10  Starport  
  126  11:13  Fusion Core  
  122  11:25  Marine x4  
  107  11:27  Marauder x2, Marine  
  84  11:40  Liberator  
  84  11:41  Liberator  
  84  11:45  Marine x3  
  84  11:46  Marauder, Marine  
  84  11:47  SCV x3  
  84  11:51  Command Center  
  86  11:57  Starport Tech Lab  
  92  12:06  SCV, Refinery  
  92  12:07  SCV x2, Liberator  
  95  12:17  Marine x3  
  95  12:18  Marauder x2, Marine  
  103  12:26  Liberator x2  
  106  12:36  Marine x4  
  110  12:37  Marauder  
  110  12:40  Marauder x2  
  122  12:46  Supply Depot  
  122  12:47  Supply Depot  
  122  12:55  Marine x2  
  122  12:56  Marine x2  
  126  12:58  Marauder  
  126  13:01  Marauder x2  
Tags
 
Add a new tag
Caveats
  • Supply blocks, unpowered buildings, or Contaminate may cause inaccurate times.
  • Supply counts are checked every 10 seconds.